 Dungeon Crawl Stone Soup version 0.18.1-5-g4a78601 (webtiles) character file.

1642 oplop the Insei (level 8, -3/57 HPs)
             Began as an Octopode Monk on May 9, 2016.
             Was a Priest of Cheibriados.
             Slain by an orc wizard
             ... wielding a +0 dagger
              (4 damage)
             ... on level 7 of the Dungeon.
             The game lasted 00:16:26 (6843 turns).

oplop the Insei (Octopode Monk)                     Turns: 6843, Time: 00:16:26

Health: -3/57      AC:  1    Str: 18    XL:     8   Next: 99%
Magic:  12/12      EV: 17    Int: 23    God:    Cheibriados [***...]
Gold:   373        SH:  0    Dex: 22    Spells: 0 memorised, 7 levels left

rFire  . . .     SeeInvis .     m - +2 rapier (drain)
rCold  . . .     Gourm    .     (no shield)
rNeg   . . .     Faith    .     (helmet restricted)
rPois  .         Spirit   .     (no amulet)
rElec  .         Dismiss  .     (no ring)
rCorr  .         Reflect  .     (no ring)
SustAt .         Harm     .     (no ring)
MR     .....                    (no ring)
Stlth  ++++......               (no ring)
                                (no ring)
                                (no ring)
                                (no ring)

@: very slightly contaminated, hasted, not resistant to hostile enchantments,
stealthy
A: almost no armour, amphibious, 8 rings, constrict 8, camouflage 1, gelatinous
body 1
a: Bend Time, Temporal Distortion, Renounce Religion


You were on level 7 of the Dungeon.
You worshipped Cheibriados.
Cheibriados was most pleased with you.
You were not hungry.

You visited 2 branches of the dungeon, and saw 8 of its levels.

You collected 373 gold pieces.

Inventory:

Hand Weapons
 c - a +0 blowgun
 f - a +0 dagger of draining
 k - a +1 short sword of venom
 m - a +2 rapier of draining (weapon)
 o - a +1 spear of distortion
Missiles
 e - 31 poisoned needles
Wands
 r - a wand of digging (21/24)
 t - a wand of acid (3/15)
 u - a wand of iceblast (5/15)
Scrolls
 h - 2 scrolls of identify
 i - a scroll of recharging
 s - 3 scrolls of remove curse
 v - 4 scrolls of amnesia
 y - a scroll of teleportation
Potions
 d - a potion of brilliance
 g - a potion of degeneration
 p - a potion of flight
 q - a potion of resistance
 w - a potion of magic
Books
 n - an Akashic Record

   Spells                             Type                      Level
   a - Dispersal                      Translocation                6
   b - Malign Gateway                 Summoning/Translocation      7
   c - Disjunction                    Translocation                8
   d - Controlled Blink               Translocation                8
Comestibles
 a - 4 bread rations
 b - 6 meat rations
 l - 2 royal jellies
 x - 2 chunks of flesh


   Skills:
 + Level 6.2 Fighting
 - Level 2.1 Throwing
 + Level 5.8 Dodging
 - Level 2.6 Stealth
 + Level 7.1 Unarmed Combat
 * Level 5.3 Invocations
 - Level 0.2 Evocations


You had 7 spell levels left.
You didn't know any spells.

Dungeon Overview and Level Annotations

Branches:
Dungeon (7/15)             Temple (1/1) D:4

Altars:
Cheibriados
Dithmenos
Fedhas
Kikubaaqudgha
Nemelex Xobeh
Okawaru
Qazlal
Ru
Sif Muna
Trog
Vehumet
Xom

Annotations:
D:5 oplop's ghost, novice OpTm
D:6 exclusion: howler monkey


Innate Abilities, Weirdness & Mutations

You cannot wear most types of armour.
You are amphibious.
You can wear up to eight rings at the same time.
You can use your tentacles to constrict eight enemies at once.
Your skin changes colour to match your surroundings (Stealth).
Your rubbery body absorbs attacks (AC +1).


Message History

It was a potion of haste.
You feel yourself speed up.
Cheibriados forgives your accidental hurry, just this once.
The orc misses you. Something barely misses you. The orc hits you.
* * * LOW HITPOINT WARNING * * *
You are very lightly contaminated with residual magic.
Unknown command.
Unknown command.
You closely miss something. The orc misses you. Something hits you.
* * * LOW HITPOINT WARNING * * *
The orc hits you with a hand axe.
* * * LOW HITPOINT WARNING * * *
Unknown command.
Unknown command.
Read which item? (? for menu, Esc to quit)
Okay, then.
Drink which item? (? for menu, Esc to quit)
Okay, then.
You hit something. Your squeeze misses something. The orc closely misses you.
Something hits you.
You die...

# .....#...#.<....#
...#####............#
##........#.........#
...###....).##......##
....†..####.###......#
##.##### #.# ##.....#
#.# #.....# #.#
#.o...# #.# #@o...#
#.# #o{....#
.##..###### .... .....
....... .......
.......


You could see 3 orcs.

Vanquished Creatures
  Eustachio (D:5)
  A sky beast (D:6)
  An ice beast (D:5)
  An ogre (D:4)
  A phantom (D:5)
  Blork the orc (D:4)
  4 scorpions
  5 killer bees (D:7)
  A jelly (D:5)
  2 hounds
  2 orc priests (D:4)
  2 iguanas (D:6)
  5 orc wizards
  2 worker ants
  10 gnolls
  7 adders
  A shadow imp (D:5)
  An ooze (D:1)
  An adder skeleton (D:6)
  2 worms
  A dart slug (D:2)
  3 giant geckos
  19 orcs
  4 giant cockroaches
  12 goblins
  10 hobgoblins
  9 jackals
  7 kobolds
  4 quokkas
  2 ball pythons
  A ball python skeleton (D:4)
  2 bats
  2 giant newts (D:3)
  9 rats
136 creatures vanquished.

Notes
Turn   | Place    | Note
--------------------------------------------------------------
     0 | D:1      | oplop the Octopode Monk began the quest for the Orb.
     0 | D:1      | Reached XP level 1. HP: 16/16 MP: 1/1
   274 | D:1      | Reached XP level 2. HP: 20/21 MP: 2/2
   982 | D:2      | Reached XP level 3. HP: 23/26 MP: 3/3
  1775 | D:3      | Reached XP level 4. HP: 33/33 MP: 4/4
  2266 | D:3      | Found a blossoming altar of Fedhas.
  2364 | D:3      | Reached skill level 5 in Unarmed Combat
  2364 | D:3      | Reached XP level 5. HP: 35/37 MP: 5/5
  2682 | D:4      | Noticed an ogre
  2798 | D:4      | Reached XP level 6. HP: 19/44 MP: 6/6
  3266 | D:4      | Reached skill level 1 in Throwing
  3266 | D:4      | Reached skill level 6 in Unarmed Combat
  3266 | D:4      | Reached XP level 7. HP: 13/49 MP: 7/7
  3644 | D:4      | Found a sparkling altar of Nemelex Xobeh.
  3647 | D:4      | Found a deep blue altar of Sif Muna.
  3773 | D:4      | Noticed Blork the orc
  3828 | D:4      | Killed Blork the orc
  3987 | D:4      | Found a staircase to the Ecumenical Temple.
  4089 | Temple   | Entered the Ecumenical Temple
  4195 | Temple   | Became a worshipper of Cheibriados the Contemplative
  4195 | Temple   | Reached * piety under Cheibriados
  4195 | Temple   | Reached ** piety under Cheibriados
  4340 | D:4      | Reached skill level 5 in Fighting
  4451 | D:5      | Entered Level 5 of the Dungeon
  4464 | D:5      | Noticed oplop's ghost (novice OpTm)
  4497 | D:5      | Found an ancient bone altar of Kikubaaqudgha.
  4529 | D:5      | Reached skill level 1 in Invocations
  5042 | D:5      | Reached skill level 5 in Dodging
  5469 | D:5      | Noticed Eustachio
  5483 | D:5      | Killed Eustachio
  5483 | D:5      | Reached XP level 8. HP: 29/56 MP: 8/10
  6456 | D:6      | Found an iron altar of Okawaru.
  6505 | D:6      | Reached *** piety under Cheibriados
  6540 | D:7      | Reached skill level 7 in Unarmed Combat
  6546 | D:7      | Reached skill level 5 in Invocations
  6842 | D:7      | HP: 1/57 [orc/hand axe (4)]
  6843 | D:7      | Slain by an orc wizard

Skill      XL: |  1  2  3  4  5  6  7  8 |
---------------+-------------------------+-----
Fighting       | 4 5 6 |  6.2
Unarmed Combat | 5 6 7 |  7.1
Dodging        | 4 5 |  5.8
Throwing       | 1 2 |  2.1
Invocations    | 2 5 |  5.3
Stealth        | |  2.6
Evocations     | |  0.2

Action                   |  1- 3 |  4- 6 |  7- 9 || total
-------------------------+-------+-------+-------++-------
Melee: Unarmed           |    75 |    63 |    11 ||   149
       Tentacles         |    14 |    19 |    43 ||    76
       Constrict         |    20 |    25 |    40 ||    85
       Punch             |     2 |     6 |     7 ||    15
       Dagger            |       |    18 |   101 ||   119
       Rapier            |       |       |    38 ||    38
 Fire: Blowgun           |       |    27 |    13 ||    40
Invok: Bend Time         |       |       |     2 ||     2
Evoke: Wand              |       |     1 |    13 ||    14
  Use: Scroll            |       |    10 |     3 ||    13
       Potion            |       |     6 |     3 ||     9
 Stab: Sleeping          |    10 |     6 |     8 ||    24
  Eat: Chunk             |     3 |     4 |     2 ||     9
       Fruit             |       |       |     4 ||     4
       Pizza             |       |       |     1 ||     1
Armor: Skin              |     5 |     2 |    12 ||    19
Dodge: Dodged            |    31 |    50 |   126 ||   207
